 Dungeon Crawl Stone Soup version 0.27.1-33-g824d729ab1 (webtiles) character file.

Game seed: 10968130192532717360

2 styxcanada the Sneak (level 1, 0/10 HPs)
             Began as a Spriggan Brigand on Dec 12, 2021.
             Frozen to death by an endoplasm (1 damage)
             ... on level 1 of the Dungeon.
             The game lasted 00:00:23 (35 turns).

styxcanada the Sneak (Spriggan Brigand)               Turns: 35, Time: 00:00:23

Health: 0/10       AC:  3    Str:  7    XL:     1   Next: 25%
Magic:  2/2        EV: 16    Int: 12    God:
Gold:   8          SH:  0    Dex: 16    Spells: 0/0 levels left

rFire    . . .     SeeInvis +   a - +2 dagger
rCold    . . .     Faith    .   (shield restricted)
rNeg     . . .     Spirit   .   b - +0 robe
rPois    .         Reflect  .   (helmet restricted)
rElec    .         Harm     .   c - +0 cloak
rCorr    .         Rampage  .   (gloves unavailable)
Will     .....                  (boots unavailable)
Stlth    +++.......             (no amulet)
HPRegen  0.03/turn              (no ring)
MPRegen  0.08/turn              (no ring)

@: very quick
A: very small, no large weapons, unfitting armour, see invisible, speed 3
a: no special abilities


You were on level 1 of the Dungeon.
You visited 1 branch of the dungeon, and saw 1 of its levels.

You collected 8 gold pieces.

Inventory:

Hand Weapons
 a - a +2 dagger (weapon)
Missiles
 d - 8 poisoned darts (quivered)
 e - 2 curare-tipped darts
Armour
 b - a +0 robe (worn)
 c - a +0 cloak (worn)
Potions
 f - a potion of attraction {unknown}


   Skills:
 * Level 1.6 Fighting
 + Level 2.1 Short Blades
 + Level 2.0 Throwing
 * Level 1.3 Dodging
 * Level 6.0 Stealth


You couldn't memorise any spells.
You didn't know any spells.
Your spell library was empty.

Dungeon Overview and Level Annotations

Branches:
Dungeon (1/15)

Altars:


Innate Abilities, Weirdness & Mutations

You are very small and have problems with some larger weapons.
You are too small for most types of armour.
You have supernaturally acute eyesight. (SInv)
You cover ground extremely quickly. (Speed+++)


Message History

You hit the rat.
You kill the rat!
The bat hits you but does no damage.
You see here a rat corpse.
You closely miss the bat. The bat closely misses you.
You closely miss the bat. The bat completely misses you.
You hit the bat.
The bat is moderately wounded.
The bat misses you.
You hit the rat but do no damage. The bat misses you.
The rat bites you but does no damage. The frilled lizard misses you.
You barely miss the frilled lizard. The bat completely misses you.
The rat barely misses you. The frilled lizard misses you.
You closely miss the rat. The rat misses you.
You hit the frilled lizard.
You kill the frilled lizard!
The bat closely misses you. The rat bites you but does no damage.
The endoplasm barely misses you.
You hit the rat.
The rat is moderately wounded.
The bat closely misses you. The rat barely misses you.
You closely miss the rat.
The rat is moderately wounded.
The endoplasm freezes you.
You are frozen.
The rat closely misses you.
You hit the rat.
You kill the rat!
The endoplasm freezes you.
You are frozen.
Your Stealth skill increases to level 6!
You hit the endoplasm.
The endoplasm is moderately wounded.
The endoplasm freezes you.
You are frozen.
* * * LOW HITPOINT WARNING * * *
You hit the bat.
You kill the bat!
The endoplasm freezes you.
You are frozen.
You die...

.......... .........
......... .........
........### ....
#........## ......
##......J†.####......
.......††@.?..#......
........##...........
.....................
.........#....#......
###...####...........
.......................
......####>.........###
. ...................#
.. ##......#..........#


You could see an endoplasm.

Vanquished Creatures
  A bat (D:1)
  A frilled lizard (D:1)
  2 rats (D:1)
4 creatures vanquished.

Notes
Turn   | Place    | Note
-------+----------+-------------------------------------------
     0 | D:1      | styxcanada the Spriggan Brigand began the quest for the
                  | Orb.
     0 | D:1      | Reached XP level 1. HP: 10/10 MP: 2/2
    34 | D:1      | Reached skill level 6 in Stealth
    35 | D:1      | Frozen to death by an endoplasm

Illustrated notes

Levels and vault maps discovered:
D:1:      wander_arrival_desolate, layout_rooms

Skill      XL: |  1 |
---------------+----+-----
Stealth        | 6 |  6.0
Fighting       | |  1.6
Short Blades   | |  2.1
Throwing       | |  2.0
Dodging        | |  1.3

Action                   || total
-------------------------++-------
Melee: Dagger            ||    13
Armor: Robe              ||     3
Dodge: Dodged            ||    16
